 Dungeon Crawl Stone Soup version 0.31.0-11-ge490571c62 (webtiles) character file.

Game seed: 8899254819705200894

788 Gadfly the Ruffian (level 7, 0/52 HPs)
             Began as a Demonspawn Shapeshifter on Jan 27, 2024.
             Was an Initiate of Ru.
             Succumbed to a gnoll's poison
             ... on level 5 of the Dungeon.
             The game lasted 00:06:02 (4393 turns).

Gadfly the Ruffian (Demonspawn Shapeshifter)        Turns: 4393, Time: 00:06:03

Health: 0/52       AC:  4    Str: 16    XL:     7   Next: 56%
Magic:  7/7        EV: 13    Int: 11    God:    Ru [......]
Gold:   177        SH:  5    Dex: 12    Spells: 4/6 levels left

rFire   . .          .
                       - Unarmed
rCold   . . .        (no shield)
rNeg    . . .        a - +0 animal skin
rPois   .            (helmet currently unavailable)
rElec   .            (cloak currently unavailable)
rCorr   .            (gloves currently unavailable)
SInv    .            (boots currently unavailable)
Will    .....        f - amulet of reflection
Stlth   +            h - ring of flight
HPRegen 0.28/turn    (no ring)
MPRegen 0.10/turn

%: reflection
@: lethally poisoned (0 -> -20), beast-form, flying
A: beast (slay +2), hooves 1, slimy green scales 1, demonic guardian 1
a: Begin Untransformation, Renounce Religion


You were on level 5 of the Dungeon.
You worshipped Ru.
Ru was noncommittal.
You were a hulking beast.
You visited 1 branch of the dungeon, and saw 5 of its levels.

You collected 261 gold pieces.
You spent 84 gold pieces at shops.

Inventory:

Missiles
 q - 2 throwing nets (quivered)
Armour
 a - a +0 animal skin (worn)
Jewellery
 f - an amulet of reflection (around neck)
 h - a ring of flight (left hand)
Talismans
 c - a beast talisman
 d - a flux talisman
 j - a storm talisman
 k - a blade talisman
Wands
 n - a wand of acid (9)
Scrolls
 b - a scroll of immolation {unknown}
 g - 2 scrolls of teleportation
 l - a scroll of enchant weapon {unknown}
 r - a scroll of revelation {unknown}
 s - a scroll of vulnerability {unknown}
Potions
 e - a potion of cancellation
 i - a potion of curing
 m - a potion of mutation
 o - 2 potions of might
 p - 2 potions of heal wounds


   Skills:
 + Level 3.3 Fighting
 + Level 4.0 Dodging
 * Level 4.5 Unarmed Combat
 + Level 3.6 Evocations
 * Level 4.0 Shapeshifting


You had 4 spell levels left.
You knew the following spells:

 Your Spells              Type           Power      Damage    Failure   Level
a - Blink                 Tloc           0%         N/A       47%         2

Your spell library contained the following spells:

 Spells                   Type           Power      Damage    Failure   Level
 Summon Small Mammal      Summ           0%         N/A       34%         1
 Cigotuvi's Dreadful Rot  Necr/Alch/Air  0%         N/A       47%         2
 Lesser Beckoning         Tloc           0%         N/A       47%         2
 Mercury Vapours          Alch/Air       0%         N/A       47%         2
 Momentum Strike          Conj/Tloc      0%         3d8       47%         2
 Call Canine Familiar     Summ           0%         N/A       71%         3
 Mephitic Cloud           Conj/Alch/Air  0%         N/A       71%         3
 Dispel Undead            Necr           0%         3d6       98%         4
 Martyr's Knell           Necr/Summ      0%         N/A       98%         4
 Summon Blazeheart Golem  Fire/Summ      0%         N/A       98%         4
 Freezing Cloud           Conj/Ice/Air   0%         6-21      100%        5
 Death Channel            Necr           0%         N/A       100%        6


Dungeon Overview and Level Annotations

Branches:
Dungeon (5/15)
 Temple: D:4-7

Altars:
Ashenzari
Qazlal
Ru
Uskayaw

Shops:
D:3 !

Annotations:
D:3 2 runed translucent doors, TheBioAlchemist's ghost, weakling OpSh


Innate Abilities, Weirdness & Mutations

You are a hulking beast.
Your limbs bulge with bestial killing power. (Slay +2)
You have large cloven feet.
You are partially covered in slimy green scales. (AC +2)
A weak demonic guardian rushes to your aid.


Message History

You are too injured to fight recklessly!
You are too injured to fight recklessly!
You are too injured to fight recklessly!
You are too injured to fight recklessly!
You are too injured to fight recklessly!
You are too injured to fight recklessly!
You are too injured to fight recklessly!
You are too injured to fight recklessly!
You are too injured to fight recklessly!
You are too injured to fight recklessly!
You are too injured to fight recklessly!
You are too injured to fight recklessly!
Unknown command.
You closely miss the gnoll. You kick the gnoll.
The gnoll is heavily wounded.
You feel very sick. The gnoll misses you.
You hit the gnoll.
The gnoll is severely wounded.
You feel sick. The gnoll completely misses you.
You closely miss the gnoll.
The gnoll is severely wounded.
You feel sick. The gnoll hits you but does no damage.
You are more poisoned.
You barely miss the gnoll.
The gnoll is severely wounded.
* * * LOW HITPOINT WARNING * * *
You feel very sick.
The gnoll hits you with a +1 spear of venom.
* * * LOW HITPOINT WARNING * * *
A demonic guardian appears!
You are more poisoned.
You hit the gnoll but do no damage.
The gnoll is severely wounded.
* * * LOW HITPOINT WARNING * * *
You feel very sick. The gnoll barely misses you.
You punch the gnoll!
You kill the gnoll!
You die...

###..........## #.##
##.....##### .#
######..##...# #
#.....(#####.####
#>####.####g....##
#........#..##...##
######.#g.###.....###
##...###5)..♣....###
#..#.#..h).........#
#.##.#.<...###...>.#
... ##.##.#...###
###...# g..
#..##.##### ##### ..
#g###.. . ##.# #..
#..# #.. #.## #.# #.#
## #..


You could see a friendly white imp (summoned).

Vanquished Creatures
  An ice beast (D:4)
  An ogre (D:4)
  2 phantoms
  3 scorpions
  2 hounds (D:4)
  A jelly (D:4)
  2 iguanas (D:5)
  5 adders
  2 gnolls (D:5)
  A ribbon worm (D:3)
  2 orcs (D:3)
  3 ball pythons (D:1)
  7 endoplasms
  3 giant cockroaches
  8 goblins
  7 hobgoblins
  12 jackals
  10 kobolds
  3 quokkas
  3 bats
  3 frilled lizards
  A hobgoblin zombie (D:5)
  2 kobold zombies (D:5)
  An orc zombie (D:5)
  7 rats
92 creatures vanquished.

Vanquished Creatures (collateral kills)
  A ball python (D:4)
1 creature vanquished.

Grand Total: 93 creatures vanquished

Notes
Turn   | Place    | Note
-------+----------+-------------------------------------------
     0 | D:1      | Gadfly the Demonspawn Shapeshifter began the quest for the
                  | Orb.
     0 | D:1      | Reached XP level 1. HP: 15/15 MP: 1/1
    81 | D:1      | Gained mutation: You are partially covered in slimy green
                  | scales. (AC +2) [demonic ancestry]
    81 | D:1      | Reached XP level 2. HP: 17/21 MP: 2/2
   243 | D:1      | Reached skill level 1 in Evocations
   347 | D:1      | Reached XP level 3. HP: 26/26 MP: 3/3
  1155 | D:2      | Identified the +2 sling "Osio" {flame, *Corrode rPois Str+3
                  | SInv}
  1461 | D:2      | Learned a level 2 spell: Blink
  1618 | D:3      | Reached XP level 4. HP: 12/33 MP: 4/4
  1753 | D:3      | Found a large runed translucent door.
  1753 | D:3      | Found a large runed translucent door.
  1754 | D:3      | Noticed TheBioAlchemist's ghost (weakling OpSh)
  2026 | D:3      | Found Dixeros's Distillery.
  2034 | D:3      | Bought a potion of heal wounds for 70 gold pieces
  2034 | D:3      | Bought a potion of degeneration for 14 gold pieces
  2514 | D:4      | Noticed a scorpion
  2532 | D:4      | Killed a scorpion
  2533 | D:4      | Reached XP level 5. HP: 21/38 MP: 5/5
  2885 | D:4      | Found a sacrificial altar of Ru.
  2885 | D:4      | Noticed a phantom
  2910 | D:4      | Found a hide-covered altar of Uskayaw.
  2914 | D:4      | Killed a phantom
  2915 | D:4      | Gained mutation: A weak demonic guardian rushes to your
                  | aid. [demonic ancestry]
  2915 | D:4      | Reached XP level 6. HP: 16/46 MP: 6/6
  3032 | D:4      | Found a stormy altar of Qazlal.
  3179 | D:4      | Found a broken altar of Ashenzari.
  3358 | D:4      | Became a worshipper of Ru the Awakened
  3572 | D:5      | Entered Level 5 of the Dungeon
  3572 | D:5      | Noticed an ice beast
  3667 | D:4      | Killed an ice beast
  3810 | D:5      | Gained mutation: You have large cloven feet. [demonic
                  | ancestry]
  3810 | D:5      | Reached XP level 7. HP: 47/52 MP: 7/7
  4393 | D:5      | Succumbed to a gnoll's poison

Illustrated notes

Levels and vault maps discovered:
D:1:      dpeg_arrival_simpleton_c, layout_rooms
D:2:      layout_loops_ring
D:3:      layout_loops_ring, serial_shops, shop, ebering_ghost_disaster_area,
          kennysheep_generic_room_16
D:4:      layout_loops_ring, nicolae_overflow_hidden_temple,
          lemuel_doored_altar, mainiacjoe_overflow_catwalk_spiral,
          hangedman_decor_riveting
D:5:      layout_rooms, mainiacjoe_overflow_paths, grunt_ministairs_12,
          minmay_mini_ossuary

Skill      XL: |  1  2  3  4  5  6  7 |
---------------+----------------------+-----
Dodging        | 2 3 4 |  4.0
Evocations     | 1 2 3 |  3.6
Unarmed Combat | 3 4 |  4.5
Shapeshifting  | 3 4 |  4.0
Fighting       | 2 3 |  3.3

Action                     |  1- 3 |  4- 6 |  7- 9 || total
---------------------------+-------+-------+-------++-------
  Melee: Unarmed           |   161 |   169 |    75 ||   405
         Punch             |     1 |       |     2 ||     3
         Kick              |       |       |    17 ||    17
    Use: Scroll            |     5 |     3 |       ||     8
         Potion            |       |     1 |       ||     1
 Armour: Animal skin       |    85 |    61 |    34 ||   180
         Skin              |       |    12 |       ||    12
  Dodge: Dodged            |    99 |    99 |    44 ||   242
  Block: Other             |    22 |    31 |    16 ||    69
         Reflection        |       |     1 |       ||     1
